 Dungeon Crawl Stone Soup version 0.27.1-16-g815e20cd7a (webtiles) character file.

Game seed: 2293641435289443915

1791 sudelnuppe the Grappler (level 9, -5/71 HPs)
             Began as a Ghoul Gladiator on Nov 21, 2021.
             Was an Initiate of Gozag.
             Slain by a two-headed ogre (12 damage)
             ... on level 7 of the Dungeon.
             The game lasted 00:23:17 (5647 turns).

sudelnuppe the Grappler (Ghoul Gladiator)           Turns: 5647, Time: 00:23:18

Health: -5/71      AC: 12    Str: 20    XL:     9   Next: 8%
Magic:  8/8        EV: 13    Int:  4    God:    Gozag
Gold:   714        SH:  0    Dex: 10    Spells: 8/8 levels left

rFire    . . .     SeeInvis .     - Unarmed
rCold    + . .     Faith    .   (no shield)
rNeg     + + +     Spirit   .   o - +0 chain mail
rPois    ∞         Reflect  .   b - +0 helmet
rElec    .         Harm     .   (no cloak)
rCorr    .         Rampage  .   (no gloves)
Will     .....                  h - +0 pair of boots
Stlth    ..........             n - amulet of the acrobat
HPRegen  0.00/turn              e - +4 ring of evasion
MPRegen  0.11/turn              (no ring)

@: inhibited regen
A: claws 1, cold resistance 1, negative energy resistance 3, inhibited
regeneration, torment resistance 2
a: Renounce Religion, Potion Petition, Call Merchant, Bribe Branch


You were on level 7 of the Dungeon.
You worshipped Gozag.
Gozag was pleased with you.
You visited 1 branch of the dungeon, and saw 7 of its levels.

You collected 769 gold pieces.
You paid 55 gold pieces to Gozag.

Inventory:

Hand Weapons
 c - a +3 whip of freezing
Missiles
 m - 2 throwing nets (quivered)
Armour
 a - a +0 leather armour
 b - a +0 helmet (worn)
 d - a +0 ring mail
 f - a +0 scale mail
 h - a +0 pair of boots (worn)
 o - a +0 chain mail (worn)
Jewellery
 e - a +4 ring of evasion (left claw)
 n - an amulet of the acrobat (around neck)
 v - a +6 ring of intelligence
Scrolls
 g - 2 scrolls of teleportation
 q - a scroll of enchant weapon
Potions
 i - a potion of curing
 j - a potion of brilliance
 k - a potion of resistance
 l - a potion of mutation {unknown}
 r - a potion of ambrosia {unknown}
 s - a potion of cancellation {unknown}


   Skills:
 * Level 3.6 Fighting
 - Level 1.9 Throwing
 * Level 5.0 Armour
 * Level 4.3 Dodging
 * Level 4.0 Stealth
 * Level 9.2 Unarmed Combat


You had 8 spell levels left.
You didn't know any spells.
Your spell library contained the following spells:

 Spells                   Type           Power      Damage    Failure   Level
 Summon Small Mammal      Summ           0%         N/A       99%         1
 Blink                    Tloc           N/A        N/A       100%        2
 Corpse Rot               Necr/Air       N/A        N/A       100%        2
 Call Canine Familiar     Summ           0%         N/A       100%        3
 Ignite Poison            Fire/Tmut/Pois 0%         N/A       100%        3
 Lesser Beckoning         Tloc           0%         N/A       100%        3
 Mephitic Cloud           Conj/Pois/Air  0%         N/A       100%        3
 Summon Guardian Golem    Hex/Summ       0%         N/A       100%        3
 Bolt of Magma            Conj/Fire/Erth 0%         4d4       100%        5
 Manifold Assault         Tloc           0%         N/A       100%        5
 Orb of Destruction       Conj           0%         N/A       100%        7
 Spellforged Servitor     Conj/Summ      0%         N/A       100%        7


Dungeon Overview and Level Annotations

Branches:
Dungeon (7/15)
 Temple: D:4-7

Altars:
Elyvilon
Gozag
Sif Muna
Trog

Shops:
D:5 (


Innate Abilities, Weirdness & Mutations

You thrive by killing the living.
You are immune to poison.
You have sharp fingernails.
Your flesh is cold resistant. (rC+)
You are immune to negative energy. (rN+++)
You do not regenerate when monsters are visible.
You are immune to unholy pain and torment.


Message History

There is a stone staircase leading up here.
l - a metallic amethyst potion You open the gate.
There is an open gate here.
A bullfrog comes into view.
The bullfrog gives a loud, deep croak!
A two-headed ogre comes into view.
It is wielding a +0 giant spiked club and a +0 giant club.
The two-headed ogre shouts in stereo!
The bullfrog misses you. The bullfrog completely misses you.
There is an open gate here.
The bullfrog swells and bulges.
You claw the bullfrog!
The bullfrog is severely wounded.
The bullfrog completely misses you.
You claw the bullfrog!
You kill the bullfrog!
Your Stealth skill increases to level 4!
You barely miss the two-headed ogre.
The two-headed ogre completely misses you.
The two-headed ogre hits you with a +0 giant club!!
You scratch the two-headed ogre.
The two-headed ogre is lightly wounded.
You scratch the two-headed ogre.
The two-headed ogre is lightly wounded.
The two-headed ogre hits you with a +0 giant spiked club!
The two-headed ogre hits you but does no damage.
You scratch the two-headed ogre.
The two-headed ogre is lightly wounded.
The two-headed ogre hits you with a +0 giant spiked club!!
The two-headed ogre hits you with a +0 giant club!
* * * LOW HITPOINT WARNING * * *
You claw the two-headed ogre! x2
The two-headed ogre is heavily wounded.
The two-headed ogre completely misses you.
The two-headed ogre barely misses you.
There is a stone staircase leading up here.
The two-headed ogre hits you with a +0 giant spiked club!
You die...
Your body crumbles into a pile of gold.

#....### $
+....# #....#
#....#
########....##
#............#
#............#
#......O.....#
#......@.....#
#............#
#............#
#............#
#.############
#


You could see a two-headed ogre.

Vanquished Creatures
  Pikel (D:3)
  A black bear (D:5)
  2 orc warriors (D:6)
  A centaur (D:5)
  4 ogres
  A bullfrog (D:7)
  2 scorpions
  A centaur zombie (D:6)
  2 hounds
  A jelly (D:4)
  A bullfrog skeleton (D:6)
  2 iguanas
  3 orc wizards
  A hound skeleton (D:4)
  6 adders
  3 ufetubi
  A worm (D:2)
  4 dart slugs
  14 orcs
  2 endoplasms (D:3)
  2 giant cockroaches
  6 goblins
  3 hobgoblins
  5 jackals (D:2)
  2 kobolds
  4 quokkas
  2 ball pythons
  4 bats
  2 frilled lizards
  5 rats
88 creatures vanquished.

Vanquished Creatures (others)
  24 plants
24 creatures vanquished.

Grand Total: 112 creatures vanquished

Notes
Turn   | Place    | Note
-------+----------+-------------------------------------------
     0 | D:1      | sudelnuppe the Ghoul Gladiator began the quest for the Orb.
     0 | D:1      | Reached XP level 1. HP: 17/17 MP: 0/0
   426 | D:1      | Reached XP level 2. HP: 24/24 MP: 1/1
   771 | D:1      | Found a faded altar of an unknown god.
   781 | D:1      | Became a worshipper of Sif Muna the Loreminder
   781 | D:1      | Reached * piety under Sif Muna
   782 | D:1      | Fell from the grace of Sif Muna
  1041 | D:2      | Reached XP level 3. HP: 29/29 MP: 2/2
  1047 | D:2      | Reached skill level 4 in Unarmed Combat
  1616 | D:2      | Reached skill level 1 in Armour
  1617 | D:2      | Reached skill level 1 in Stealth
  1617 | D:2      | Reached XP level 4. HP: 36/36 MP: 3/3
  2855 | D:4      | Reached skill level 5 in Unarmed Combat
  2855 | D:4      | Reached XP level 5. HP: 36/42 MP: 4/4
  3132 | D:4      | Noticed a lemure
  3132 | D:4      | Noticed Pikel
  3152 | D:4      | Noticed a lemure
  3154 | D:4      | Noticed a lemure
  3154 | D:4      | Noticed a lemure
  3235 | D:3      | Killed Pikel
  3236 | D:3      | Reached skill level 6 in Unarmed Combat
  3236 | D:3      | Reached XP level 6. HP: 14/50 MP: 5/5
  3236 | D:3      | Reached XP level 7. HP: 16/56 MP: 6/6
  4170 | D:5      | Entered Level 5 of the Dungeon
  4193 | D:5      | Reached skill level 7 in Unarmed Combat
  4310 | D:5      | Found Pogaj's Weapon Shop.
  4340 | D:5      | Reached XP level 8. HP: 62/62 MP: 7/7
  4794 | D:5      | Reached skill level 8 in Unarmed Combat
  4976 | D:6      | Found a bloodstained altar of Trog.
  5004 | D:6      | Found a shimmering blue altar of Sif Muna.
  5008 | D:6      | Got Sif Muna's Volume of Black Arts
  5273 | D:6      | Found an opulent altar of Gozag.
  5336 | D:6      | Reached skill level 9 in Unarmed Combat
  5344 | D:6      | Reached skill level 5 in Armour
  5344 | D:6      | Reached XP level 9. HP: 40/70 MP: 8/8
  5347 | D:6      | Became a worshipper of Gozag Ym Sagoz the Greedy
  5580 | D:6      | Identified a scroll of acquirement
  5580 | D:6      | Acquired 575 gold pieces
  5616 | D:7      | Noticed a two-headed ogre
  5647 | D:7      | Slain by a two-headed ogre

Illustrated notes

Levels and vault maps discovered:
D:1:      matt_arrival_refuge, layout_loops_corners,
          ebering_ecumenical_altar_box, grunt_decor_fettered
D:2:      layout_basic
D:3:      layout_basic, nicolae_elyvilon_temple_path
D:4:      layout_basic, chequers_hall_statues_corner_a, uniq_pikel
D:5:      layout_basic, serial_shops, shop, serial_bayou_lagoon_b
D:6:      layout_rooms, nzn_overflow_gifts_of_might_and_magic,
          nicolae_gozag_seed_capital
D:7:      layout_gridville, temple_doors_e, serial_shops, shop,
          kennysheep_cluttered_room, columned_hall_lemuel,
          kennysheep_decorative_pillar

Skill      XL: |  1  2  3  4  5  6  7  8  9 |
---------------+----------------------------+-----
Dodging        | 3 4 |  4.3
Unarmed Combat | 4 5 6 7 9 |  9.2
Armour         | 1 3 4 5 |  5.0
Stealth        | 1 2 3 4 |  4.0
Fighting       | 3 |  3.6
Throwing       | |  1.9

Action                   |  1- 3 |  4- 6 |  7- 9 || total
-------------------------+-------+-------+-------++-------
Melee: Unarmed           |    98 |    79 |   163 ||   340
       Punch             |     1 |     3 |     7 ||    11
Throw: Throwing net      |       |     3 |       ||     3
Invok: Renounce Religion |     1 |       |       ||     1
  Use: Potion            |       |     2 |     1 ||     3
       Scroll            |       |       |     9 ||     9
Armor: Leather armour    |     7 |       |       ||     7
       Scale mail        |    25 |    14 |       ||    39
       Chain mail        |       |     4 |    46 ||    50
Dodge: Dodged            |    75 |    44 |   122 ||   241
